 Dungeon Crawl Stone Soup version 0.26.1-2-gb8aa6d0cf2 (webtiles) character file.

Game seed: 14371963270345013306

93 funkygono the Covered (level 4, -9/29 HPs)
             Began as a Gargoyle Fighter on Mar 3, 2021.
             Mangled by an ogre
             ... wielding a +0 giant spiked club
              (10 damage)
             ... on level 3 of the Dungeon.
             The game lasted 00:04:10 (1764 turns).

funkygono the Covered (Gargoyle Fighter)            Turns: 1764, Time: 00:04:10

Health: -9/29      AC: 11    Str: 20    XL:     4   Next: 62%
Magic:  4/4        EV:  7    Int:  9    God:
Gold:   213        SH:  9    Dex:  9    Spells: 3/3 levels left

rFire    . . .     SeeInvis .   g - +0 whip
rCold    . . .     Faith    .   c - +0 kite shield
rNeg     + . .     Spirit   .   b - +0 scale mail
rPois    ∞         Reflect  .   k - +0 helmet
rElec    +         Harm     .   (no cloak)
rCorr    +         Rampage  .   (no gloves)
Will     .....                  (no boots)
Stlth    ..........             (no amulet)
HPRegen  0.09/turn              h - ring of resist corrosion
MPRegen  0.09/turn              (no ring)

@: no status effects
A: negative energy resistance 1, electricity resistance, unbreathing,
petrification resistance, miasma immunity, AC +3
a: no special abilities


You were on level 3 of the Dungeon.
You visited 1 branch of the dungeon, and saw 3 of its levels.

You collected 213 gold pieces.

Inventory:

Hand Weapons
 a - a +0 flail
 g - a +0 whip (weapon)
Missiles
 i - 10 bolts
Armour
 b - a +0 scale mail (worn)
 c - a +0 kite shield (worn)
 k - a +0 helmet (worn)
Jewellery
 h - a ring of resist corrosion (left hand)
Scrolls
 e - 2 scrolls of teleportation
Potions
 d - a potion of might
 f - 2 potions of curing
 j - a potion of mutation {unknown}
 l - a potion of cancellation {unknown}
 m - a potion of attraction {unknown}
 n - a potion of degeneration {unknown}
 o - a potion of lignification {unknown}


   Skills:
 + Level 3.8 Fighting
 + Level 2.9 Maces & Flails
 + Level 4.0 Armour
 + Level 0.8 Dodging
 + Level 0.3 Stealth
 + Level 3.9 Shields


You had 3 spell levels left.
You didn't know any spells.
Your spell library contained the following spells:

 Spells                   Type           Power        Failure   Level
 Shock                    Conj/Air       0%           99%         1


Dungeon Overview and Level Annotations

Branches:
Dungeon (3/15)

Altars:
Fedhas
Kikubaaqudgha
Sif Muna
Trog
Uskayaw


Innate Abilities, Weirdness & Mutations

You are resistant to torment.
Your stone body is resilient. (AC +3)
You are immune to poison.
You resist negative energy. (rN+)
You are resistant to electric shocks. (rElec)
You can survive without breathing.
You are immune to petrification.
You are immune to miasma.


Message History

You hit the ogre.
The ogre is lightly wounded.
The ogre barely misses you.
You whack the ogre!
The ogre is moderately wounded.
The ogre hits you but does no damage.
Your scale mail prevents you from hitting the ogre.
The ogre is moderately wounded.
You barely miss the ogre.
The ogre is moderately wounded.
The ogre hits you but does no damage.
You hit the ogre.
The ogre is moderately wounded.
The ogre hits you with a +0 giant spiked club!!
Ouch! That really hurt!
* * * LOW HITPOINT WARNING * * *
You hit the ogre but do no damage.
The ogre is moderately wounded.
The ogre hits you with a +0 giant spiked club!
You die...

#+# ### .# #.# ..### .#
#.# ....# #.#
##.##....## #####.#
+#...#O..(.#
...##.######....@######
##.#..+...............+
##.#..###...........###
......# ##....#....##
.###..# ##.......## ##
#..# +.......+ # ##.#
#.......## ## ##.#
#....#....# .###..#
#..##+##..#


You could see an ogre.

Vanquished Creatures
  A gnoll (D:2)
  3 adders (D:2)
  A white imp (D:2)
  An ooze (D:3)
  A dart slug (D:2)
  A leopard gecko (D:2)
  2 ball pythons
  5 goblins
  7 hobgoblins
  7 bats
  A frilled lizard (D:1)
  7 kobolds
  8 rats
45 creatures vanquished.

Notes
Turn   | Place    | Note
-------+----------+-------------------------------------------
     0 | D:1      | funkygono the Gargoyle Fighter began the quest for the Orb.
     0 | D:1      | Reached XP level 1. HP: 14/14 MP: 1/1
   127 | D:1      | Reached XP level 2. HP: 19/19 MP: 2/2
   706 | D:2      | Reached XP level 3. HP: 22/24 MP: 3/3
   897 | D:2      | Found a hide-covered altar of Uskayaw.
   901 | D:2      | Found a blossoming altar of Fedhas.
   906 | D:2      | Found an ancient bone altar of Kikubaaqudgha.
  1129 | D:2      | Found a shimmering blue altar of Sif Muna.
  1154 | D:2      | Found a bloodstained altar of Trog.
  1312 | D:2      | Identified Sif Muna's Handbook of Flight
  1360 | D:2      | Reached XP level 4. HP: 29/29 MP: 4/4
  1735 | D:3      | Reached skill level 4 in Armour
  1751 | D:3      | Noticed an ogre
  1763 | D:3      | HP: 1/29 [ogre/+0 giant spiked club (28)]
  1764 | D:3      | Mangled by an ogre

Illustrated notes

Levels and vault maps discovered:
D:1:      ncdulo_lavacross, layout_rooms
D:2:      layout_loops_ring, nzn_overflow_gifts_of_might_and_magic,
          minmay_overflow_temple_star_quad
D:3:      corexii_shack_village, layout_loops_ring, minmay_pentangle, uniq_ijyb

Skill      XL: |  1  2  3  4 |
---------------+-------------+-----
Armour         | 4 |  4.0
Fighting       | |  3.8
Maces & Flails | |  2.9
Dodging        | |  0.8
Stealth        | |  0.3
Shields        | |  3.9

Action                   |  1- 3 |  4- 6 || total
-------------------------+-------+-------++-------
Melee: Flail             |    44 |       ||    44
       Whip              |    72 |    71 ||   143
  Use: Scroll            |     2 |     1 ||     3
Armor: Scale mail        |    67 |    29 ||    96
Dodge: Dodged            |    32 |    23 ||    55
Block: Kite shield       |    48 |    19 ||    67
